 Dungeon Crawl Stone Soup version 0.17-a0-870-gcb215c1 (webtiles) character file.

56 oplop the Shield-Bearer (level 3, -1/24 HPs)
             Began as a Gargoyle Fighter on Apr 29, 2015.
             Slain by Sigmund
             ... wielding a +0 scythe
              (3 damage)
             ... on level 2 of the Dungeon.
             The game lasted 00:01:47 (1600 turns).

oplop the Shield-Bearer (Gargoyle Fighter)          Turns: 1600, Time: 00:01:47

Health: -1/24      AC: 10    Str: 24    XL:     3   Next: 95%
Magic:  3/3        EV:  7    Int:  9    God:
Gold:   89         SH:  9    Dex:  9    Spells: 0 memorised, 2 levels left

rFire  . . .     SeeInvis .     a - +0 trident
rCold  . . .     Clarity  .     b - +0 scale mail
rNeg   + . .     SustAb   .     c - +0 shield
rPois  ∞         Gourm    .     (no helmet)
rElec  +         Spirit   .     (no cloak)
rCorr  .         Warding  .     (no gloves)
rMut   .         Stasis   .     (no boots)
MR     .....                    (no amulet)
Stlth  ..........               (no ring)
                                (no ring)

@: mighty, not resistant to hostile enchantments, extremely unstealthy
A: negative energy resistance 1, electricity resistance, unbreathing,
petrification resistance, rot immunity, AC +3
a: no special abilities


You were on level 2 of the Dungeon.
You were not hungry.

You visited 1 branch of the dungeon, and saw 2 of its levels.

You collected 89 gold pieces.

Inventory:

Hand weapons
 a - a +0 trident (weapon)
Armour
 b - a +0 scale mail (worn)
 c - a +0 shield (worn)
Jewellery
 j - an uncursed ring of fire {unknown}
Scrolls
 f - a scroll of immolation {unknown}
 m - 3 scrolls of identify {unknown}
 n - 2 scrolls of remove curse {unknown}
 o - 2 scrolls of teleportation {unknown}
 p - a scroll of enchant armour {unknown}
Potions
 h - 4 potions of degeneration {unknown}
 i - a potion of cancellation {unknown}
 l - a potion of flight {unknown}
Comestibles
 e - 3 bread rations
 g - 4 fruits
 k - a meat ration
 q - a slice of pizza


   Skills:
 + Level 3.8 Fighting
 * Level 2.6 Polearms
 - Level 3.2 Armour
 + Level 0.2 Dodging
 + Level 4.0 Shields


You had 2 spell levels left.
You didn't know any spells.

Dungeon Overview and Level Annotations

Branches:
Dungeon (2/15)

Altars:
Fedhas

Annotations:
D:2 Sigmund


Innate Abilities, Weirdness & Mutations

You are resistant to torment.
Your stone body is resilient (AC +3).
You are immune to poison.
You resist negative energy.
You are resistant to electric shocks.
You can survive without breathing.
You are immune to petrification.
You are immune to rotting.


Message History

Attack whom?
Press: ? - help, Dir - move target cursor You swing wildly and hit a wall.
Something hits you but does no damage.
That would be overly suicidal.
Attack whom?
Press: ? - help, Dir - move target cursor, f - you
Okay, then.
You bump into the rock wall.
Something hits you!
You completely miss something.
You feel less confused. Something hits you.
You miss something. Something hits you but does no damage.
You hit something but do no damage.
Drink which item? (? for menu, Esc to quit)
You feel very mighty all of a sudden. Something hits you.
* * * LOW HITPOINT WARNING * * *
You closely miss something. Something hits you.
You die...

(....# #.#.....#.#.#'##.......##.
###### #.#.....#)#............##.
.....#.#.#.....#.#............##.
.###.#.#.#.P.P.#.#.............#.
.# #.#.#...._..#.#......#......#.
.# #.#.#...P.P.#.#......#........
.# #.#.#.......#.#.#'##.#.....##.
####.#.#)###.###{#.#.##.########.
.....#.#.# #.# #@#.#.##.# ##
.#####.#.###.# #.#.#.##.##### .#
#.........# #.#.#.###....#
.###.#.#########.#.#........#
.....#....)......#.#<###....#####
##################.#....###.#....
.....................##.# #.#.#.#
##################.####.###.#.#.#
...# #.#........#.#.#


There were no monsters in sight!

Vanquished Creatures
  2 adders (D:2)
  An ooze (D:1)
  3 giant geckos (D:2)
  3 bats (D:1)
  4 hobgoblins
  4 jackals (D:1)
  5 kobolds
  3 giant cockroaches (D:1)
  A giant newt (D:2)
  4 goblins (D:1)
  4 rats
34 creatures vanquished.

Notes
Turn   | Place    | Note
--------------------------------------------------------------
     0 | D:1      | oplop, the Gargoyle Fighter, began the quest for the Orb.
     0 | D:1      | Reached XP level 1. HP: 14/14 MP: 1/1
   114 | D:1      | Reached XP level 2. HP: 14/19 MP: 2/2
   705 | D:1      | Reached XP level 3. HP: 23/23 MP: 3/3
   940 | D:2      | Found a blossoming altar of Fedhas.
  1574 | D:2      | Reached skill level 4 in Shields
  1584 | D:2      | Noticed Sigmund
  1600 | D:2      | Slain by Sigmund

Action                   || total
-------------------------++-------
Melee: Trident           ||   112
  Use: Potion            ||     1
  Eat: Chunk             ||     2
